 Dungeon Crawl Stone Soup version 0.21-a0-521-g1cd18d1 (webtiles) character file.

7922 Gerstahl the Fighter (level 11, -8/97 HPs)
             Began as a Demonspawn Transmuter on Dec 5, 2017.
             Was a Follower of Dithmenos.
             Splashed by a brown ugly thing's acid (9 damage)
             ... on level 11 of the Dungeon.
             The game lasted 00:19:16 (9282 turns).

Gerstahl the Fighter (Demonspawn Transmuter)        Turns: 9282, Time: 00:19:17

Health: -8/97      AC: -6    Str: 19    XL:     11   Next: 3%
Magic:  32/32      EV: 12    Int: 14    God:    Dithmenos [*.....]
Gold:   636        SH:  0    Dex: 14    Spells: 18/27 levels left

rFire    . . .     SeeInvis .     - Unarmed
rCold    . . .     Gourm    .   (no shield)
rNeg     . . .     Faith    .   H - +0 troll leather armour
rPois    .         Spirit   .   (no helmet)
rElec    .         Reflect  .   p - +1 cloak
rCorr    .         Harm     .   (no gloves)
MR       .....                  (no boots)
Stlth    +.........             (no amulet)
HPRegen  0.66/turn              B - ring of magical power
MPRegen  0.23/turn              (no ring)

@: mighty, about to teleport, corroded, wreathed by umbra
A: claws 2, iridescent scales 2, mutation resistance 1, powered by pain 1,
robust 1, spiny 1
a: Renounce Religion


You were on level 11 of the Dungeon.
You worshipped Dithmenos.
Dithmenos was aware of your devotion.
You were hungry.

You visited 1 branch of the dungeon, and saw 11 of its levels.

You collected 636 gold pieces.

Inventory:

Missiles
 a - 201 arrows
Armour
 b - a +0 robe
 e - a +0 ring mail
 k - a scarf of spirit shield
 m - the +1 robe of Forking Paths {rF+}
   (You found it on level 5 of the Dungeon)

   It protects you from fire.
 p - a +1 cloak (worn)
 H - a +0 troll leather armour (worn)
Jewellery
 l - an uncursed amulet of faith
 s - a +4 ring of evasion {unknown}
 y - an uncursed amulet of rage
 B - a ring of magical power (left claw)
 E - an uncursed ring of wizardry {unknown}
Wands
 w - a wand of disintegration (7)
Scrolls
 f - 3 scrolls of enchant armour
 g - 7 scrolls of teleportation
 i - 3 scrolls of identify
 n - a scroll of amnesia
 o - a scroll of acquirement {unknown}
 z - a scroll of summoning {unknown}
 A - a scroll of torment {unknown}
 C - 2 scrolls of remove curse
 D - a scroll of immolation {unknown}
 J - a scroll of brand weapon {unknown}
Potions
 h - 4 potions of curing
 j - a potion of flight
 r - a potion of ambrosia {unknown}
 t - a potion of berserk rage
 v - 2 potions of invisibility
 x - a potion of agility {unknown}
 F - 2 potions of resistance {unknown}
 G - 2 potions of magic {unknown}
Books
 c - a book of Changes

   Spells                             Type                      Level
   a - Beastly Appendage              Transmutation                1
   b - Sticks to Snakes               Transmutation                2
   c - Spider Form                    Transmutation/Poison         3
   d - Ice Form                       Ice/Transmutation            4
   e - Blade Hands                    Transmutation                5
 q - a book of Conjurations

   Spells                             Type                      Level
   a - Magic Dart                     Conjuration                  1
   b - Searing Ray                    Conjuration                  2
   c - Dazzling Spray                 Conjuration/Hexes            3
   d - Fulminant Prism                Conjuration/Hexes            4
   e - Force Lance                    Conjuration/Translocation    4
   f - Iskenderun's Mystic Blast      Conjuration                  4
Comestibles
 d - 9 bread rations
 u - 2 meat rations
 I - 3 fruits


   Skills:
 + Level 9.3 Fighting
 - Level 1.7 Dodging
 - Level 6.1 Unarmed Combat
 + Level 8.8 Spellcasting
 + Level 8.7 Transmutations


You had 18 spell levels left.
You knew the following spells:

 Your Spells              Type           Power        Failure   Level  Hunger
a - Beastly Appendage     Tmut           ####..       1%          1    None
b - Spider Form           Tmut/Pois      ###.......   7%          3    ##.....
c - Blade Hands           Tmut           ####......   11%         5    #####..


Dungeon Overview and Level Annotations

Branches:
Dungeon (11/15)            Temple (0/1) D:7            Lair (0/6) D:10
    Orc: D:9-12

Altars:
Cheibriados
Dithmenos
Gozag
Hepliaklqana
Nemelex Xobeh
Sif Muna
Uskayaw
Vehumet
Xom
Zin

Shops:
D:5 }   D:9 ?


Innate Abilities, Weirdness & Mutations

You have very sharp fingernails.
You are mostly covered in iridescent scales. (AC +4)
You sometimes gain a little power by taking damage.
You are partially covered in sharp spines.
You are somewhat resistant to further mutation.
You are robust. (+10% HP)


Message History

You feel very mighty all of a sudden.
You are splashed with acid!
The acid burns!
* * * LOW HITPOINT WARNING * * *
Found a stone staircase leading up.
A shadow comes into view.
The shadow slips into darkness.
The shadow flickers and vanishes!
Deactivating autopickup; reactivate with Ctrl-A.
A gargoyle comes into view. It is wielding a mace.
The shadow strikes at you from the darkness!
* * * LOW HITPOINT WARNING * * *
Reactivating autopickup.
The shadow closely misses you.
Okay, then.
Okay, then.
As you read the scroll of teleportation, it crumbles to dust.
You feel strangely unstable. The brown ugly thing headbutts you.
* * * LOW HITPOINT WARNING * * *
The acid corrodes you!
You are splashed with acid!
The acid burns!
You die...

.## ..## #...##....
...## #.......<# ....#
#......# #...## ......#
##...### #...#
#.....####...########
##............W.....###
#...........9u@.......
#.....................
###......####.........##
#..####### ###########
##..# #...# # ....#..
...(.#.# .....#.#


You could see a brown ugly thing, a gargoyle and a shadow.

Vanquished Creatures
  2 two-headed ogres
  Pikel (D:4)
  A deep elf mage (D:10)
  A troll (D:9)
  The ghost of Gerstahl the Insei, an amateur DsTm (D:4)
  Prince Ribbit (D:7)
  2 hippogriffs
  A spriggan (D:10)
  A wyvern (D:10)
  A human (D:10)
  2 water moccasins
  2 orc warriors
  4 sky beasts
  3 ice beasts
  A necrophage (D:11)
  2 ogres
  3 phantoms
  A centaur (D:6)
  A big kobold (D:8)
  7 bullfrogs
  A wyvern zombie (D:6)
  2 scorpions (D:6)
  A wyvern skeleton (D:7)
  9 killer bees (D:10)
  4 wights (D:6)
  A vampire bat (D:3)
  A howler monkey (D:6)
  4 crimson imps
  3 centaur zombies
  2 jellies
  A bullfrog skeleton (D:3)
  3 orc priests
  2 centaur skeletons
  4 hounds
  An iguana (D:4)
  6 orc wizards
  5 worker ants
  A killer bee zombie (D:9)
  2 hound zombies (D:6)
  3 hound skeletons
  A worker ant zombie (D:6)
  14 gnolls
  11 adders
  2 shadow imps
  An ooze (D:3)
  4 adder zombies
  An adder skeleton (D:6)
  2 worms
  3 dart slugs
  3 fire bats (D:3)
  4 leopard geckos
  26 orcs
  2 spectral bats (D:3)
  A ball python (D:3)
  3 bat skeletons (D:3)
  A bat zombie (D:3)
  8 giant cockroaches
  6 goblins
  7 hobgoblins
  8 jackals
  14 kobolds
  7 quokkas
  17 bats
  A bat simulacrum (D:3)
  6 frilled lizards
  A leopard gecko skeleton (D:4)
  8 rats
256 creatures vanquished.

Vanquished Creatures (others)
  A worker ant (D:4)
  An ooze (D:4)
2 creatures vanquished.

Grand Total: 258 creatures vanquished

Notes
Turn   | Place    | Note
-------+----------+-------------------------------------------
     0 | D:1      | Gerstahl the Demonspawn Transmuter began the quest for the Orb.
     0 | D:1      | Reached XP level 1. HP: 15/15 MP: 3/3
   186 | D:1      | Gained mutation: You are partially covered in sharp spines. [demonic ancestry]
   186 | D:1      | Reached XP level 2. HP: 21/21 MP: 5/5
   684 | D:2      | Gained mutation: You are partially covered in iridescent scales. (AC +2) [demonic ancestry]
   684 | D:2      | Reached XP level 3. HP: 14/26 MP: 2/6
  1301 | D:2      | Noticed a bullfrog
  1308 | D:2      | Killed a bullfrog
  1308 | D:2      | Reached skill level 5 in Unarmed Combat
  1308 | D:2      | Reached XP level 4. HP: 22/32 MP: 5/7
  1616 | D:2      | Found a deep blue altar of Sif Muna.
  1618 | D:2      | Found a sparkling altar of Nemelex Xobeh.
  1618 | D:2      | Found a hazy altar of Hepliaklqana.
  1618 | D:2      | Found a glowing silver altar of Zin.
  1619 | D:2      | Found a snail-covered altar of Cheibriados.
  1621 | D:2      | Found a hide-covered altar of Uskayaw.
  1622 | D:2      | Found a shimmering altar of Xom.
  1742 | D:3      | Gained mutation: You are mostly covered in iridescent scales. (AC +4) [demonic ancestry]
  1742 | D:3      | Reached XP level 5. HP: 37/37 MP: 8/8
  2004 | D:3      | Gained mutation: You have sharp fingernails. [demonic ancestry]
  2004 | D:3      | Reached XP level 6. HP: 38/43 MP: 7/9
  2180 | D:3      | Reached skill level 2 in Fighting
  2412 | D:4      | Noticed Gerstahl's ghost (amateur DsTm)
  2430 | D:4      | Killed Gerstahl's ghost
  2430 | D:4      | Reached skill level 3 in Fighting
  2430 | D:4      | Reached XP level 7. HP: 48/52 MP: 10/12
  2444 | D:4      | Learned a level 3 spell: Spider Form
  2450 | D:4      | Learned a level 5 spell: Blade Hands
  2545 | D:4      | Found an opulent altar of Gozag.
  2749 | D:4      | Noticed Pikel
  2770 | D:4      | Killed Pikel
  2770 | D:4      | Reached skill level 4 in Fighting
  2770 | D:4      | Reached XP level 8. HP: 29/61 MP: 12/14
  3148 | D:5      | Entered Level 5 of the Dungeon
  3256 | D:5      | Found Doucrud's Gadget Shoppe.
  3714 | D:5      | Reached skill level 5 in Fighting
  3736 | D:5      | Got a heavy robe
  3875 | D:5      | Reached skill level 5 in Spellcasting
  4186 | D:6      | Reached skill level 5 in Transmutations
  4403 | D:6      | Gained mutation: You sometimes gain a little power by taking damage. [demonic ancestry]
  4403 | D:6      | Reached XP level 9. HP: 58/69 MP: 17/17
  4418 | D:6      | Identified the +1 robe of Forking Paths {rF+} (You found it on level 5 of the Dungeon)
  4540 | D:6      | Reached skill level 6 in Fighting
  4825 | D:6      | Noticed a two-headed ogre
  5700 | D:6      | Killed a two-headed ogre
  5700 | D:6      | Reached skill level 7 in Fighting
  5764 | D:7      | Noticed Prince Ribbit
  6037 | D:7      | Found a shadowy altar of Dithmenos.
  6078 | D:7      | Became a worshipper of Dithmenos the Shadowed
  6202 | D:7      | Killed Prince Ribbit
  6216 | D:7      | Found a staircase to the Ecumenical Temple.
  6220 | D:7      | Gained mutation: You have very sharp fingernails. [demonic ancestry]
  6220 | D:7      | Reached XP level 10. HP: 74/79 MP: 20/20
  6613 | D:8      | Found a radiant altar of Vehumet.
  7291 | D:9      | Found Lilesar's Magic Scroll Shoppe.
  7440 | D:9      | Reached * piety under Dithmenos
  7914 | D:9      | Reached skill level 8 in Fighting
  8114 | D:10     | Entered Level 10 of the Dungeon
  8404 | D:10     | Found a staircase to the Lair.
  8524 | D:10     | Noticed a two-headed ogre
  8540 | D:10     | Killed a two-headed ogre
  8540 | D:10     | Reached skill level 9 in Fighting
  8643 | D:10     | Noticed a deep elf mage
  8660 | D:10     | Noticed a rust devil
  8661 | D:10     | Killed a deep elf mage
  9169 | D:11     | Reached XP level 11. HP: 83/89 MP: 23/23
  9190 | D:11     | Gained mutation: You are dopey. (Int -2) [mutagenic meat]
  9191 | D:11     | Gained mutation: You are robust. (+10% HP) [mutagenic meat]
  9192 | D:11     | Gained mutation: You are somewhat resistant to further mutation. [mutagenic meat]
  9193 | D:11     | Lost mutation: You are dopey. (Int -2) [mutagenic meat]
  9236 | D:11     | Noticed a brown ugly thing
  9278 | D:11     | HP: 3/97 [something (7)]
  9282 | D:11     | HP: 1/97 [brown ugly thing (4)]
  9282 | D:11     | Splashed by a brown ugly thing's acid

Vault maps used:
D:1:      co_arrival_two_rings, minmay_misc_feat_chi,
          minmay_misc_feat_secret_circle
D:2:      minitemple, st_stairs_3
D:3:      hangedman_feature_mirror, goddamned_bats
D:4:      grunt_gozag_breadcrumbs, first_bread, uniq_pikel
D:5:      serial_shops, kennysheep_mini_moat, minmay_misc_feat_iff, st_stairs_3
D:6:      serial_undead, serial_undead_e, serial_undead_d, serial_undead_d,
          serial_undead_f, hangedman_abyss_or_decor_stabs
D:7:      minmay_temple_entry_crystal_x, nicolae_dithmenos_the_darkroom,
          uniq_prince_ribbit1
D:8:      overflow_temple_1_default
D:9:      serial_shops, shop
D:10:     lair_entry_dummy, hangedman_stone_soup

Skill      XL: |  1  2  3  4  5  6  7  8  9 10 |
---------------+-------------------------------+-----
Unarmed Combat | 3 5 6 |  6.1
Transmutations | 3 4 5 7 8 |  8.7
Fighting       | 3 4 5 7 9 |  9.3
Spellcasting   | 3 4 5 7 8 |  8.8
Dodging        | |  1.7

Action                   |  1- 3 |  4- 6 |  7- 9 | 10-12 || total
-------------------------+-------+-------+-------+-------++-------
Melee: Unarmed           |   107 |   123 |   276 |   180 ||   686
       Headbutt          |     5 |     1 |    19 |    14 ||    39
       Kick              |     3 |    12 |    18 |    19 ||    52
       Punch             |       |     6 |     7 |     3 ||    16
 Cast: Beastly Appendage |     5 |     7 |    20 |    21 ||    53
  Use: Scroll            |       |       |     8 |     7 ||    15
       Potion            |       |       |     6 |     2 ||     8
 Stab: Sleeping          |       |       |       |     1 ||     1
  Eat: Chunk             |     1 |       |    10 |     8 ||    19
       Bread ration      |       |     1 |       |       ||     1
       Royal jelly       |       |       |     1 |       ||     1
       Meat ration       |       |       |       |     1 ||     1
Armor: Ring mail         |    52 |    61 |    60 |       ||   173
       Robe              |       |       |    51 |    22 ||    73
       Troll leather arm |       |       |       |    33 ||    33
Dodge: Dodged            |    51 |    79 |   126 |   124 ||   380

Table legend:
 A = Spawn XP
 B = Non-spawn XP
 C = Spawn XP percentage of total XP
 D = Spawn monster count
 E = Non-spawn monster count
 F = Spawn count percentage of total count
 G = Total turns spent on level
                    A         B        C        D         E        F      G
               +---------+---------+-------+---------+---------+-------+---------
         Total |       0 |   11318 |   0.0 |       0 |     256 |   0.0 |  9282
               +---------+---------+-------+---------+---------+-------+---------
           D:1 |       0 |      29 |   0.0 |       0 |      17 |   0.0 |   643
           D:2 |       0 |     150 |   0.0 |       0 |      22 |   0.0 |  1047
           D:3 |       0 |     421 |   0.0 |       0 |      53 |   0.0 |   623
           D:4 |       0 |    1200 |   0.0 |       0 |      21 |   0.0 |   835
           D:5 |       0 |     333 |   0.0 |       0 |      21 |   0.0 |  1337
           D:6 |       0 |    2304 |   0.0 |       0 |      42 |   0.0 |  1301
           D:7 |       0 |    1406 |   0.0 |       0 |      20 |   0.0 |   627
           D:8 |       0 |     418 |   0.0 |       0 |      15 |   0.0 |   753
           D:9 |       0 |     591 |   0.0 |       0 |       8 |   0.0 |   948
          D:10 |       0 |    3780 |   0.0 |       0 |      30 |   0.0 |   971
          D:11 |       0 |     686 |   0.0 |       0 |       7 |   0.0 |   197
               +---------+---------+-------+---------+---------+-------+---------
